 Dungeon Crawl Stone Soup version 0.23.2-1-ga50397a (webtiles) character file.

Game seed: 3665982399848898496

9 MajorAdolf the Sneak (level 2, -2/28 HPs)
             Began as a Naga Wanderer on Apr 21, 2019.
             Slain by a jackal (3 damage)
             ... on level 1 of the Dungeon.
             The game lasted 00:01:50 (207 turns).

MajorAdolf the Sneak (Naga Wanderer)                 Turns: 207, Time: 00:01:51

Health: -2/28      AC:  0    Str: 15    XL:     2   Next: 12%
Magic:  3/3        EV:  9    Int: 10    God:
Gold:   0          SH:  0    Dex: 11    Spells: 2/3 levels left

rFire    . . .     SeeInvis +   a - +0 club
rCold    . . .     Gourm    .   (no shield)
rNeg     . . .     Faith    .   (no armour)
rPois    +         Spirit   .   (no helmet)
rElec    .         Reflect  .   (no cloak)
rCorr    .         Harm     .   (no gloves)
MR       .....                  (no barding)
Stlth    ++........             (no amulet)
HPRegen  0.09/turn              (no ring)
MPRegen  0.08/turn              (no ring)

@: short of breath, very slow
A: large, see invisible, deformed body, poison resistance, slowness 2, slow
metabolism 1, spit poison 1, AC +0
a: Spit Poison


You were on level 1 of the Dungeon.
You were not hungry.

You visited 1 branch of the dungeon, and saw 1 of its levels.

Inventory:

Hand Weapons
 a - a +0 club (weapon)
Wands
 e - a wand of paralysis (15)
Scrolls
 b - a scroll of teleportation
Potions
 c - a potion of might {unknown}
Comestibles
 d - 3 chunks of flesh
 f - 2 rations


   Skills:
 - Level 3.0 Fighting
   Level 1.0 Short Blades
 - Level 1.0 Throwing
 + Level 3.4 Stealth
 - Level 1.0 Spellcasting
   Level 1.0 Necromancy
 - Level 1.0 Air Magic
 - Level 1.0 Evocations


You had 2 spell levels left.
You knew the following spells:

 Your Spells              Type           Power        Failure   Level  Hunger
a - Shock                 Conj/Air       #...         28%         1    ##.....

Your spell library contained the following spells:

 Spells                   Type           Power        Failure   Level  Hunger
 Static Discharge         Conj/Air       #.......     63%         3    ####...


Dungeon Overview and Level Annotations

Branches:
Dungeon (1/15)

Altars:


Innate Abilities, Weirdness & Mutations

You cannot wear boots.
Your serpentine skin is tough. (AC +0)
You have supernaturally acute eyesight. (SInv)
Armour fits poorly on your strangely shaped body.
Your system is resistant to poisons. (rPois)
You cover ground very slowly.
You have a slow metabolism.
You can spit poison.


Message History

You feel slightly more hungry.
You hit the jackal.
The jackal is heavily wounded.
The jackal bites you. x2
You hit the jackal.
The jackal is almost dead.
The jackal bites you.
* * * LOW HITPOINT WARNING * * *
The jackal bites you.
* * * LOW HITPOINT WARNING * * *
The jackal bites you.
* * * LOW HITPOINT WARNING * * *
You have got your breath back.
The jackal bites you.
* * * LOW HITPOINT WARNING * * *
Press: ? - help, Shift-Dir - straight line, f - jackal
Aim: a jackal (almost dead)
The splash of poison misses the jackal.
You feel slightly more hungry. The jackal bites you.
You die...

###...#.#.######.#
#....# ..##.##...#
#.# ######
..##.####.# #.#
...#.# ### #.#
.....# #.# ...###
#.# ####.# # #.#
...#∩#........ #.#
...........♣.. #@#
............(. #h#
.............. #.#
........ ..... #†#
[♣.....⌠ ...##.#
........ #∩#..#
........ ###(.##
........ ##....#
........ #..####


You could see a jackal.

Vanquished Creatures
  A dart slug (D:1)
  A hobgoblin (D:1)
  3 jackals (D:1)
  A goblin (D:1)
6 creatures vanquished.

Notes
Turn   | Place    | Note
-------+----------+-------------------------------------------
     0 | D:1      | MajorAdolf the Naga Wanderer began the quest for the Orb.
     0 | D:1      | MajorAdolf set off with the following items: a +0 club, a
                  | scroll of teleportation, a +0 robe, a wand of paralysis
                  | (15), a ration; and the following spell memorised: Shock;
                  | and the following spells available to memorise: Static
                  | Discharge
     0 | D:1      | Reached XP level 1. HP: 21/21 MP: 2/2
   185 | D:1      | Reached XP level 2. HP: 24/28 MP: 3/3
   206 | D:1      | HP: 1/28 [jackal (2)]
   207 | D:1      | Slain by a jackal

Skill      XL: |  1 |
---------------+----+-----
Stealth        | 3 |  3.4
Fighting       | |  3.0
Short Blades   | |  1.0
Throwing       | |  1.0
Spellcasting   | |  1.0
Necromancy     | |  1.0
Air Magic      | |  1.0
Evocations     | |  1.0

Action                   || total
-------------------------++-------
Melee: Club              ||     7
 Abil: Spit Poison       ||     9
Dodge: Dodged            ||    12
